 Dungeon Crawl Stone Soup version 0.29-a0-323-g050149af67 (webtiles) character file.

Game seed: 7193254949901795380

7 MarkedLamb the Covered (level 2, 24/24 HPs)
             Began as a Human Fighter on Apr 11, 2022.
             Quit the game on level 1 of the Dungeon.
             The game lasted 00:00:49 (71 turns).

MarkedLamb the Covered (Human Fighter)                Turns: 71, Time: 00:00:50

Health: 24/24      AC:  6    Str: 16    XL:     2   Next: 5%
Magic:  2/2        EV:  8    Int:  8    God:
Gold:   9          SH:  4    Dex: 12    Spells: 1/1 levels left

rFire   . . .      SeeInvis .   a - +0 flail
rCold   . . .      Faith    .   c - +0 buckler
rNeg    . . .      Spirit   .   b - +0 scale mail
rPois   .          Reflect  .   (no helmet)
rElec   .          Harm     .   (no cloak)
rCorr   .          Rampage  .   (no gloves)
Will    .....                   (no boots)
Stlth   ..........              (no amulet)
HPRegen 0.08/turn               (no ring)
MPRegen 0.08/turn               (no ring)

@: no status effects
A: no striking features
a: no special abilities


You were on level 1 of the Dungeon.
You visited 1 branch of the dungeon, and saw 1 of its levels.

You collected 9 gold pieces.

Inventory:

Hand Weapons
 a - a +0 flail (weapon)
Armour
 b - a +0 scale mail (worn)
 c - a +0 buckler (worn)
Potions
 d - a potion of might
 e - a potion of curing {unknown}


   Skills:
 + Level 3.0 Fighting
 + Level 2.0 Maces & Flails
 + Level 3.3 Armour
 + Level 3.1 Shields


You had one spell level left.
You didn't know any spells.
Your spell library was empty.

Dungeon Overview and Level Annotations

Branches:
Dungeon (1/15)

Altars:


Message History

You enter a teleport trap!
The teleport trap disappears.
Your surroundings suddenly seem different.
A giant cockroach comes into view.
You hit the giant cockroach but do no damage.
You block the giant cockroach's attack. x2
You hit the giant cockroach.
You kill the giant cockroach!
You see here a giant cockroach corpse.
Found 6 gold pieces.
Found a golden potion.
A goblin comes into view. It is wielding a +0 club.
The goblin shouts!
You hear an angry hiss.
A dart slug comes into view.
A ball python comes into view.
Found a runed dagger.
The goblin closely misses you.
You sock the goblin!
You kill the goblin!
The dart slug launches a dart at you.
The slug dart hits you but does no damage.
You sock the ball python!
You kill the ball python!
The dart slug bites you but does no damage.
The dart slug bites you but does no damage.
You hit the dart slug.
The dart slug is moderately wounded.
The dart slug launches a dart at you. The slug dart misses you.
You hit the dart slug.
The dart slug is severely wounded.
You thump the dart slug!
You kill the dart slug!
You have reached level 2!
Unknown command.
Things that are here:
a +0 club; a goblin corpse You now have 9 gold pieces (gained 6).
e - a golden potion You see here a +0 dagger of holy wrath.
Unknown command.
Are you sure you want to abandon this character and quit the game? (Confirm with "yes".)

## .# ##### .# #...# .#
#...# .#
###+#########...# .#
#.)@............# .+
#.............# .#
#..........)....# .#
..................#####
.#
#.##.############.....#
.# # #. #.....## .# #.
#....... ## #. ####.###
#....


There were no monsters in sight!

Vanquished Creatures
  A dart slug (D:1)
  A ball python (D:1)
  A giant cockroach (D:1)
  A goblin (D:1)
4 creatures vanquished.

Notes
Turn   | Place    | Note
-------+----------+-------------------------------------------
     0 | D:1      | MarkedLamb the Human Fighter began the quest for the Orb.
     0 | D:1      | Reached XP level 1. HP: 18/18 MP: 1/1
    57 | D:1      | Reached XP level 2. HP: 24/24 MP: 2/2
    71 | D:1      | Quit the game

Illustrated notes

Levels and vault maps discovered:
D:1:      psy_arrival_statuary, layout_basic

Action                   || total
-------------------------++-------
Melee: Flail             ||     7
Armor: Scale mail        ||     3
Dodge: Dodged            ||     2
Block: Buckler           ||     2

Table legend: (Time is in decaauts)
 A = Elapsed time spent in this place.
 B = Non-inter-level travel time spent in this place.
 C = Inter-level travel time spent in this place.
 D = Time resting spent in this place.
 E = Time spent auto-exploring this place.
 F = Levels seen in this place.
 G = Mean time per level.
                   A        B        C        D        E       F      G
               +--------+--------+--------+--------+--------+-----+--------+
         Total |     73 |     73 |      0 |      0 |      0 |   1 |   73.0 |
       Dungeon |     73 |     73 |      0 |      0 |      0 |   1 |   73.0 |
               +--------+--------+--------+--------+--------+-----+--------+

Top non-repeatable levels by time:
     D:1: 73 daAuts
